IL
OMAHA STORM CHASERS @ ROUND ROCK EXPRESS
08/24/2047
 
TOP OF THE 1ST
Omaha Storm Chasers batting - Pitching for Round Rock Express : RHP Joe Pattullo
Pitching: RHP Joe Pattullo
Batting: LHB Jim Pankratz 0-0: Fly out, F7 (Flyball, 7LM, EV 88.8 MPH)
Batting: LHB Manny Estrada 0-0: Ball
1-0: Ground out 6-3 (Groundball, 4S, EV 90.6 MPH)
Batting: RHB Walt Cogswell 0-0: Ball
1-0: Foul Ball, location: 2F
1-1: Swinging Strike
1-2: Fly out, F7 (Flyball, 78M, EV 75.0 MPH)
Top of the 1st over - 0 runs, 0 hits, 0 errors, 0 left on base; Omaha 0 - Round Rock 0
BOTTOM OF THE 1ST
Round Rock Express batting - Pitching for Omaha Storm Chasers : RHP Ken Hall
Pitching: RHP Ken Hall
Batting: RHB Casey Semenza 0-0: Called Strike
0-1: Ball
1-1: Ball
2-1: Ground out U3 (Groundball, 3, EV 109.4 MPH)
Batting: RHB Andy Wasierski 0-0: Called Strike
0-1: Ball
1-1: Ball
2-1: Called Strike
2-2: SINGLE (Groundball, 6D, EV 110.6 MPH)
Batting: LHB Alejandro Soriano 0-0: Fly out, F8 (Flyball, 8LM, EV 93.8 MPH)
Batting: LHB Josh Stuck 0-0: Ball
1-0: SINGLE (Groundball, 34S, EV 85.6 MPH) (infield hit)
Andy Wasierski to second
Batting: RHB Kurt Wagner 0-0: Called Strike
0-1: Swinging Strike
0-2: Strikes out swinging
Bottom of the 1st over - 0 runs, 2 hits, 0 errors, 2 left on base; Omaha 0 - Round Rock 0
TOP OF THE 2ND
Omaha Storm Chasers batting - Pitching for Round Rock Express : RHP Joe Pattullo
Batting: SHB Ryoji Hiraoka 0-0: Called Strike
0-1: Ball
1-1: SINGLE (Groundball, 34D, EV 96.2 MPH)
Batting: LHB Danny Bailey 0-0: Called Strike
0-1: Swinging Strike
0-2: Ball
1-2: Ball
2-2: Ball
3-2: Base on Balls
Ryoji Hiraoka to second
Batting: RHB Yuichi Takata 0-0: Called Strike
0-1: Called Strike
0-2: SINGLE (Groundball, 56D, EV 106.2 MPH)
Ryoji Hiraoka to third
Danny Bailey to second
Runner from 3rd tries for Home, throw by LF and OUT! 7-2
Batting: RHB Colin Boddy 0-0: Called Strike
0-1: Called Strike
0-2: Strikes out swinging
Batting: RHB Aaron Matthews 0-0: SINGLE (Groundball, 6S, EV 68.1 MPH) (infield hit)
Danny Bailey to third
Yuichi Takata to second
Batting: LHB Chris Eaker 0-0: Swinging Strike
0-1: Ball
1-1: SINGLE (Groundball, 56D, EV 106.9 MPH)
Danny Bailey scores
Yuichi Takata to third
Aaron Matthews to second
Runner from 3rd tries for Home, SAFE, throw by LF to home
Batting: LHB Jim Pankratz 0-0: Swinging Strike
0-1: Ball
1-1: Called Strike
1-2: SINGLE (Groundball, 4MD, EV 108.1 MPH)
Aaron Matthews to third
Chris Eaker to second
Runner from 3rd tries for Home, throw by CF and OUT! 8-2
Top of the 2nd over - 2 runs, 5 hits, 0 errors, 2 left on base; Omaha 2 - Round Rock 0
BOTTOM OF THE 2ND
Round Rock Express batting - Pitching for Omaha Storm Chasers : RHP Ken Hall
Batting: RHB Ivan Colon 0-0: Ball
1-0: Foul Ball, location: 2F
1-1: Ball
2-1: Ball
3-1: Foul Ball, location: 2F
3-2: Foul Ball, location: 2F
3-2: Strikes out swinging
Batting: LHB Lee Gerken 0-0: Swinging Strike
0-1: Ball
1-1: Called Strike
1-2: Strikes out swinging
Batting: RHB Bobby Keithley 0-0: Ball
1-0: Called Strike
1-1: DOUBLE (Flyball, 8LXD, EV 92.5 MPH)
Batting: SHB Alvare Bairro 0-0: Foul Ball, location: 2F
0-1: Ball
1-1: Ball
2-1: Called Strike
2-2: Strikes out swinging
Bottom of the 2nd over - 0 runs, 1 hit, 0 errors, 1 left on base; Omaha 2 - Round Rock 0
TOP OF THE 3RD
Omaha Storm Chasers batting - Pitching for Round Rock Express : RHP Joe Pattullo
Batting: LHB Manny Estrada 0-0: Ball
1-0: Called Strike
1-1: Foul Ball, location: 2F
1-2: Foul Ball, location: 2F
1-2: Ground out 4-3 (Groundball, 4, EV 106.2 MPH)
Batting: RHB Walt Cogswell 0-0: SINGLE (Groundball, 56D, EV 106.9 MPH)
Batting: SHB Ryoji Hiraoka 0-0: Swinging Strike
0-1: Swinging Strike
0-2: Ball
Walt Cogswell steals 2nd base
1-2: Foul Ball, location: 2F
1-2: Ball
2-2: Foul Ball, location: 2F
2-2: Strikes out looking
Batting: LHB Danny Bailey 0-0: Ball
1-0: Swinging Strike
1-1: Fly out, F7 (Flyball, 7LM, EV 91.9 MPH)
Top of the 3rd over - 0 runs, 1 hit, 0 errors, 1 left on base; Omaha 2 - Round Rock 0
BOTTOM OF THE 3RD
Round Rock Express batting - Pitching for Omaha Storm Chasers : RHP Ken Hall
Batting: RHB Casey Semenza 0-0: Ball
1-0: Called Strike
1-1: Called Strike
1-2: Strikes out swinging
Batting: RHB Andy Wasierski 0-0: Called Strike
0-1: Ball
1-1: Foul Ball, location: 2F
1-2: Foul Ball, location: 2F
1-2: Ball
2-2: Ground out 5-3 (Groundball, 5S, EV 79.4 MPH)
Batting: LHB Alejandro Soriano 0-0: Ball
1-0: Called Strike
1-1: Ball
2-1: Fly out, F7 (Flyball, 78D, EV 93.8 MPH)
Bottom of the 3rd over - 0 runs, 0 hits, 0 errors, 0 left on base; Omaha 2 - Round Rock 0
TOP OF THE 4TH
Omaha Storm Chasers batting - Pitching for Round Rock Express : RHP Joe Pattullo
Batting: RHB Yuichi Takata 0-0: Foul Ball, location: 2F
0-1: Fly out, F8 (Flyball, 8LM, EV 80.0 MPH)
Batting: RHB Colin Boddy 0-0: Swinging Strike
0-1: Ball
1-1: SINGLE (Groundball, 4MD, EV 110.0 MPH)
Batting: RHB Aaron Matthews 0-0: Ball
1-0: Grounds into double play, 4-6-3 (Groundball, 4, EV 93.1 MPH)
Top of the 4th over - 0 runs, 1 hit, 0 errors, 0 left on base; Omaha 2 - Round Rock 0
BOTTOM OF THE 4TH
Round Rock Express batting - Pitching for Omaha Storm Chasers : RHP Ken Hall
Batting: LHB Josh Stuck 0-0: Ball
1-0: Ball
2-0: Ball
3-0: Called Strike
3-1: Foul Ball, location: 2F
3-2: Base on Balls
Batting: RHB Kurt Wagner 0-0: Ball
1-0: Swinging Strike
1-1: Called Strike
1-2: Ball
Pickoff Throw to First - Out! 1-3
2-2: Fly out, F7 (Flyball, 7D, EV 94.4 MPH)
Batting: RHB Ivan Colon 0-0: Ball
1-0: Ball
2-0: Ground out 6-3 (Groundball, 56D, EV 88.8 MPH)
Bottom of the 4th over - 0 runs, 0 hits, 0 errors, 0 left on base; Omaha 2 - Round Rock 0
TOP OF THE 5TH
Omaha Storm Chasers batting - Pitching for Round Rock Express : RHP Joe Pattullo
Batting: LHB Chris Eaker 0-0: Ball
1-0: Ball
2-0: Foul Ball, location: 2F
2-1: Foul Ball, location: 2F
2-2: Foul Ball, location: 2F
2-2: Foul Ball, location: 2F
2-2: Ball
3-2: Base on Balls
Batting: LHB Jim Pankratz 0-0: Ball
1-0: Swinging Strike
1-1: Foul Ball, location: 2F
1-2: Strikes out swinging
Batting: LHB Manny Estrada 0-0: Swinging Strike
0-1: Ball
1-1: Grounds into double play, 4-6-3 (Groundball, 34, EV 105.0 MPH)
Top of the 5th over - 0 runs, 0 hits, 0 errors, 0 left on base; Omaha 2 - Round Rock 0
BOTTOM OF THE 5TH
Round Rock Express batting - Pitching for Omaha Storm Chasers : RHP Ken Hall
Pitching: RHP Sergio Quinones
Batting: LHB Lee Gerken 0-0: Fly out, F9 (Flyball, 89D, EV 78.8 MPH)
Pinch Hitting: SHB David Simpson 0-0: Called Strike
0-1: Ball
1-1: Foul Ball, location: 2F
1-2: Strikes out swinging
Batting: SHB Alvare Bairro 0-0: Ball
1-0: Foul Ball, location: 2F
1-1: Called Strike
1-2: Ball
2-2: SINGLE (Groundball, 56S, EV 75.6 MPH) (infield hit)
Batting: RHB Casey Semenza 0-0: Foul Ball, location: 2F
0-1: Fly out, F7 (Line Drive, 7S, EV 89.4 MPH)
Bottom of the 5th over - 0 runs, 1 hit, 0 errors, 1 left on base; Omaha 2 - Round Rock 0
TOP OF THE 6TH
Omaha Storm Chasers batting - Pitching for Round Rock Express : RHP Joe Pattullo
Now at 3B: David Simpson
Batting: RHB Walt Cogswell 0-0: Ball
1-0: Called Strike
1-1: Ball
2-1: Foul Ball, location: 2F
2-2: Foul Ball, location: 2F
2-2: Strikes out swinging
Batting: SHB Ryoji Hiraoka 0-0: Swinging Strike
0-1: Foul Ball, location: 2F
0-2: Fly out, F9 (Flyball, 9, EV 78.8 MPH)
Batting: LHB Danny Bailey 0-0: Foul Ball, location: 2F
0-1: Ball
1-1: SINGLE (Groundball, 6MD, EV 93.8 MPH)
Batting: RHB Yuichi Takata 0-0: Ball
1-0: Ball
2-0: Called Strike
2-1: Swinging Strike
2-2: Ball
3-2: Fly out, F7 (Line Drive, 7S, EV 91.2 MPH)
Top of the 6th over - 0 runs, 1 hit, 0 errors, 1 left on base; Omaha 2 - Round Rock 0
BOTTOM OF THE 6TH
Round Rock Express batting - Pitching for Omaha Storm Chasers : RHP Sergio Quinones
Batting: RHB Andy Wasierski 0-0: Ball
1-0: Foul Ball, location: 2F
1-1: Ball
2-1: Fly out, F8 (Flyball, 8RM, EV 93.1 MPH)
Batting: LHB Alejandro Soriano 0-0: Swinging Strike
0-1: Fly out, F9 (Flyball, 9LS, EV 90.6 MPH)
Batting: LHB Josh Stuck 0-0: Foul Ball, location: 2F
0-1: Foul Ball, location: 2F
0-2: Foul Ball, location: 2F
0-2: Ball
1-2: Foul Ball, location: 2F
1-2: Fly out, F9 (Flyball, 9LS, EV 91.2 MPH)
Bottom of the 6th over - 0 runs, 0 hits, 0 errors, 0 left on base; Omaha 2 - Round Rock 0
TOP OF THE 7TH
Omaha Storm Chasers batting - Pitching for Round Rock Express : RHP Joe Pattullo
Batting: RHB Colin Boddy 0-0: Ball
1-0: Called Strike
1-1: Foul Ball, location: 2F
1-2: Foul Ball, location: 2F
1-2: Ball
2-2: Fly out, F8 (Flyball, 8RM, EV 97.5 MPH)
Batting: RHB Aaron Matthews 0-0: Ball
1-0: Swinging Strike
1-1: Called Strike
1-2: Ball
2-2: SINGLE (Groundball, 56D, EV 104.4 MPH)
Batting: LHB Chris Eaker 0-0: Ball
1-0: Fly out, F7 (Flyball, 78D, EV 99.4 MPH)
Batting: LHB Jim Pankratz 0-0: Swinging Strike
0-1: Called Strike
Aaron Matthews steals 2nd base
0-2: Ball
1-2: Fly out, F7 (Flyball, 7, EV 89.4 MPH)
Top of the 7th over - 0 runs, 1 hit, 0 errors, 1 left on base; Omaha 2 - Round Rock 0
BOTTOM OF THE 7TH
Round Rock Express batting - Pitching for Omaha Storm Chasers : RHP Sergio Quinones
Pitching: RHP Justin Nipper
Batting: RHB Kurt Wagner 0-0: Ground out 5-3 (Groundball, 56S, EV 83.1 MPH)
Batting: RHB Ivan Colon 0-0: Called Strike
0-1: Foul Ball, location: 2F
0-2: Ball
1-2: Foul Ball, location: 2F
1-2: Ball
2-2: Ball
3-2: Foul Ball, location: 2F
3-2: Fly out, F9 (Flyball, 9LD, EV 96.9 MPH)
Batting: LHB Lee Gerken 0-0: Ball
1-0: Ball
2-0: Foul Ball, location: 2F
2-1: Ball
3-1: Base on Balls
Batting: SHB David Simpson 0-0: Ball
1-0: Called Strike
1-1: Swinging Strike
1-2: Ball
2-2: Ball
3-2: Foul Ball, location: 2F
3-2: Fly out, F8 (Flyball, 8LM, EV 85.0 MPH)
Bottom of the 7th over - 0 runs, 0 hits, 0 errors, 1 left on base; Omaha 2 - Round Rock 0
TOP OF THE 8TH
Omaha Storm Chasers batting - Pitching for Round Rock Express : RHP Joe Pattullo
Pitching: RHP Larry Bower
Batting: LHB Manny Estrada 0-0: Ball
1-0: Foul Ball, location: 2F
1-1: Reached on error, E4 (Groundball, 4S, EV 89.4 MPH)
Batting: RHB Walt Cogswell 0-0: Swinging Strike
0-1: Swinging Strike
0-2: Foul Ball, location: 2F
0-2: Fly out, F8 (Flyball, 8RD, EV 101.9 MPH)
Batting: SHB Ryoji Hiraoka 0-0: Ball
1-0: Swinging Strike
1-1: Foul Ball, location: 2F
1-2: Ball
2-2: Foul Ball, location: 2F
2-2: Ball
3-2: SINGLE (Groundball, 34S, EV 67.5 MPH) (infield hit)
Manny Estrada to third
Batting: LHB Danny Bailey 0-0: Ball
1-0: Ball
2-0: Foul Ball, location: 2F
2-1: Ball
3-1: Foul Ball, location: 2F
3-2: Foul Ball, location: 2F
3-2: Strikes out swinging
Batting: RHB Yuichi Takata 0-0: Foul Ball, location: 2F
0-1: DOUBLE (Flyball, 8RXD, EV 107.5 MPH)
Manny Estrada scores
Ryoji Hiraoka to third
Runner from 3rd tries for Home, SAFE, throw by CF to home
Batting: RHB Colin Boddy 0-0: Called Strike
0-1: Foul Ball, location: 2F
0-2: Ground out 4-3 (Groundball, 4S, EV 76.2 MPH)
Top of the 8th over - 2 runs, 2 hits, 1 error, 1 left on base; Omaha 4 - Round Rock 0
BOTTOM OF THE 8TH
Round Rock Express batting - Pitching for Omaha Storm Chasers : RHP Justin Nipper
Pitching: RHP Nam Phong
Batting: SHB Alvare Bairro 0-0: Swinging Strike
0-1: Ground out 1-3 (Groundball, 25, EV 68.1 MPH)
Batting: RHB Casey Semenza 0-0: Swinging Strike
0-1: Called Strike
0-2: Ball
1-2: Foul Ball, location: 2F
1-2: Ball
2-2: Ball
3-2: Base on Balls
Batting: RHB Andy Wasierski 0-0: Foul Ball, location: 2F
0-1: Ball
1-1: Swinging Strike
1-2: Ball
2-2: SINGLE (Groundball, 3D, EV 95.0 MPH)
Casey Semenza to second
Runner from 2nd tries for 3rd, SAFE, throw by RF made to third
Batting: LHB Alejandro Soriano 0-0: Ball
1-0: Ball
2-0: Called Strike
2-1: Called Strike
2-2: Ground out 5-3 (Groundball, 56S, EV 87.5 MPH)
Andy Wasierski to second
Batting: LHB Josh Stuck 0-0: Ball
1-0: Ball
2-0: Ball
3-0: Base on Balls
Batting: RHB Kurt Wagner 0-0: Ball
1-0: Ball
2-0: Ball
3-0: Called Strike
3-1: Foul Ball, location: 2F
3-2: Strikes out swinging
Bottom of the 8th over - 0 runs, 1 hit, 0 errors, 3 left on base; Omaha 4 - Round Rock 0
TOP OF THE 9TH
Omaha Storm Chasers batting - Pitching for Round Rock Express : RHP Larry Bower
Pitching: RHP Victor Nunez
Batting: RHB Aaron Matthews 0-0: Ball
1-0: Ground out 6-3 (Groundball, 6, EV 100.6 MPH)
Batting: LHB Chris Eaker 0-0: Ground out 6-3 (Groundball, 6, EV 77.5 MPH)
Batting: LHB Jim Pankratz 0-0: Called Strike
0-1: Ball
1-1: Ball
2-1: Foul Ball, location: 2F
2-2: Strikes out swinging
Top of the 9th over - 0 runs, 0 hits, 0 errors, 0 left on base; Omaha 4 - Round Rock 0
BOTTOM OF THE 9TH
Round Rock Express batting - Pitching for Omaha Storm Chasers : RHP Nam Phong
Pitching: RHP Matt Carnevale
Batting: RHB Ivan Colon 0-0: Called Strike
0-1: Foul Ball, location: 2F
0-2: Foul Ball, location: 2F
0-2: Foul Ball, location: 2F
0-2: Ball
1-2: Fly out, F7 (Line Drive, 7, EV 95.0 MPH)
Batting: LHB Lee Gerken 0-0: Called Strike
0-1: Ground out 5-3 (Groundball, 56, EV 97.5 MPH)
Batting: SHB David Simpson 0-0: Ball
1-0: Called Strike
1-1: Ball
2-1: Foul Ball, location: 2F
2-2: Foul Ball, location: 2F
2-2: Ball
3-2: Foul Ball, location: 2F
3-2: Strikes out swinging
Bottom of the 9th over - 0 runs, 0 hits, 0 errors, 0 left on base; Omaha 4 - Round Rock 0
Thursday, December 15th , 2022 - OOTP Baseball 23.9 Build 102